 Dungeon Crawl Stone Soup version 0.26-a0-466-g989023bd0d (webtiles) character file.

Game seed: 2811609716588012438

1991 Lanoc the Ruffian (level 9, -4/84 HPs)
             Began as a Troll Transmuter on Aug 14, 2020.
             Was a Follower of Cheibriados.
             Slain by a seven-headed hydra (10 damage)
             ... on level 7 of the Dungeon.
             The game lasted 00:04:51 (3372 turns).

Lanoc the Ruffian (Troll Transmuter)                Turns: 3372, Time: 00:04:51

Health: -4/84      AC:  8    Str: 28    XL:     9   Next: 1%
Magic:  9/9        EV: 12    Int: 12    God:    Cheibriados [*.....]
Gold:   319        SH:  0    Dex: 16    Spells: 7/10 levels left

rFire    + . .     SeeInvis .     - Unarmed
rCold    . . .     Faith    +   (no shield)
rNeg     . . .     Spirit   .   n - +2 robe {Archmagi}
rPois    .         Reflect  .   (helmet restricted)
rElec    +         Harm     .   (no cloak)
rCorr    .                      (gloves unavailable)
MR       .....                  (boots unavailable)
Stlth    +.........             s - amulet of faith
HPRegen  0.64/turn              h - +6 ring of strength
MPRegen  0.11/turn              q - ring "Voogayng" {*Contam rElec rF+ Dex+2}

@: very slow
A: large, unfitting armour, claws 3, regeneration 1, shaggy fur 1, tough skin 3
a: Bend Time, Renounce Religion


You were on level 7 of the Dungeon.
You worshipped Cheibriados.
Cheibriados was aware of your devotion.
You visited 2 branches of the dungeon, and saw 8 of its levels.

You collected 319 gold pieces.

Inventory:

Hand Weapons
 u - the +5 mace "Newtslayer" {venom, rC- MR++ SInv}
   (You found it on level 6 of the Dungeon)

   It poisons the flesh of those it strikes.
   It makes you vulnerable to cold.
   It affects your resistance to hostile enchantments.
   It lets you see invisible.
Armour
 n - a +2 robe of the Archmagi (worn)
Jewellery
 h - a +6 ring of strength (left claw)
 q - the ring "Voogayng" (right claw) {*Contam rElec rF+ Dex+2}
   (You found it on level 5 of the Dungeon)

   [ring of protection from fire]

   It affects your dexterity (+2).
   It protects you from fire.
   It insulates you from electricity.
   It causes magical contamination when unequipped.
 s - an amulet of faith (around neck)
 v - an uncursed ring of see invisible
Wands
 r - a wand of acid (4)
 t - a wand of iceblast (8)
Scrolls
 b - 6 scrolls of identify {unknown}
 c - a scroll of fog {unknown}
 e - 4 scrolls of immolation {unknown}
 i - 4 scrolls of remove curse {unknown}
 k - a scroll of blinking {unknown}
 o - 2 scrolls of magic mapping {unknown}
 p - a scroll of enchant armour {unknown}
Potions
 a - 3 potions of curing {unknown}
 d - 2 potions of stabbing {unknown}
 f - 2 potions of might {unknown}
 g - a potion of haste {unknown}
 j - a potion of mutation {unknown}
 l - a potion of magic {unknown}
 m - 3 potions of flight {unknown}


   Skills:
 + Level 3.9 Fighting
 + Level 4.2 Dodging
 * Level 7.4 Unarmed Combat
 - Level 1.2 Spellcasting
 * Level 5.3 Transmutations


You had 7 spell levels left.
You knew the following spells:

 Your Spells              Type           Power        Failure   Level
a - Beastly Appendage     Tmut           ###...       3%          1
b - Wereblood             Tmut           ###.....     4%          2

Your spell library contained the following spells:

 Spells                   Type           Power        Failure   Level
 Foxfire                  Conj/Fire      #...         30%         1
 Magic Dart               Conj           #...         30%         1
 Spider Form              Tmut/Pois      ##........   30%         3
 Blink                    Tloc           N/A          41%         2
 Call Imp                 Summ           #.......     41%         2
 Slow                     Hex            #.......     41%         2
 Conjure Flame            Conj/Fire      #.......     65%         3
 Inner Flame              Hex/Fire       #.......     65%         3
 Mephitic Cloud           Conj/Pois/Air  #.......     65%         3
 Blade Hands              Tmut           ###.......   65%         5
 Ice Form                 Ice/Tmut       ##......     69%         4
 Sticky Flame             Conj/Fire      #.......     96%         4
 Fireball                 Conj/Fire      #.........   100%        5


Dungeon Overview and Level Annotations

Branches:
Dungeon (7/15)             Temple (1/1) D:6

Altars:
Cheibriados
Hepliaklqana
Nemelex Xobeh
Uskayaw

Shops:
D:4 :((


Innate Abilities, Weirdness & Mutations

You are too large for most types of armour.
You have claws for hands.
Your natural rate of healing is unusually fast.
You are covered in fur. (AC +1)
You have extremely tough skin. (AC +3)


Message History

* * * LOW HITPOINT WARNING * * *
The yaktaur freezes you!
* * * LOW HITPOINT WARNING * * *
You scratch the yaktaur.
You kill the yaktaur!
Cheibriados thoroughly appreciates the change of pace.
You have reached level 9!
Your experience leads to an increase in your attributes!
Your base attributes are Str 19, Int 10, Dex 11.
Increase (S)trength, (I)ntelligence, or (D)exterity?
You feel agile.
You feel stronger.
Your primal bloodlust has ended.
You hear a horrible gurgling sound!
A hippogriff comes into view.
You hear a shout!
A slime creature comes into view.
The seven-headed hydra bites you!
* * * LOW HITPOINT WARNING * * *
The seven-headed hydra bites you!
You die...

# .# #'# # ##)#.#
. ##H# #.# #### .
##.## #.###..##.
###D## #.#....#.
#.@## ##')(##.#
#(#.## ##.#.##.#.
#.##.##
##.##.#..## #J
##.###.###.#.. #
.. ##.#.## #.##.
#######'#########
#..(.#....#
#.##..†##.# #†..#


You could see a seven-headed hydra, a slime creature and a hippogriff.

Vanquished Creatures
  Pikel (D:4)
  A yaktaur (D:7)
  Eustachio (D:4)
  Duvessa (D:4)
  An ice beast (D:7)
  2 ogres
  A bullfrog (D:7)
  Dowan (D:4)
  The ghost of Apogee the Skirmisher, a weakling DgFi (D:3)
  4 wights (D:7)
  2 howler monkeys
  A bullfrog zombie (D:7)
  2 bullfrog skeletons
  An orc priest (D:4)
  2 hounds (D:4)
  2 orc wizards
  A worker ant zombie (D:5)
  3 gnolls (D:4)
  4 adders
  A shadow imp (D:5)
  A white imp (D:5)
  An ooze (D:6)
  An adder skeleton (D:5)
  A worm (D:2)
  A dart slug (D:6)
  2 leopard geckos
  19 orcs
  A ball python (D:4)
  2 giant cockroaches
  3 goblins
  5 hobgoblins
  6 jackals
  2 quokkas
  7 bats
  7 kobolds
  5 rats
97 creatures vanquished.

Notes
Turn   | Place    | Note
-------+----------+-------------------------------------------
     0 | D:1      | Lanoc the Troll Transmuter began the quest for the Orb.
     0 | D:1      | Reached XP level 1. HP: 18/18 MP: 1/1
    89 | D:1      | Reached skill level 1 in Fighting
    89 | D:1      | Reached XP level 2. HP: 27/27 MP: 2/2
   467 | D:3      | Reached XP level 3. HP: 29/33 MP: 1/3
   676 | D:3      | Reached XP level 4. HP: 22/41 MP: 4/4
   862 | D:3      | Found a runed translucent door.
   863 | D:3      | Noticed Apogee's ghost (weakling DgFi)
   869 | D:3      | Learned a level 2 spell: Wereblood
   874 | D:3      | Killed Apogee's ghost
   874 | D:3      | Reached skill level 4 in Unarmed Combat
  1024 | D:4      | Noticed Eustachio
  1037 | D:4      | Killed Eustachio
  1037 | D:4      | Reached XP level 5. HP: 49/49 MP: 2/5
  1078 | D:4      | Found a sparkling altar of Nemelex Xobeh.
  1155 | D:4      | Noticed a lemure
  1155 | D:4      | Noticed a lemure
  1156 | D:4      | Noticed a lemure
  1157 | D:4      | Found Goetreaxer's Antique Weapon Shoppe.
  1157 | D:4      | Noticed Pikel
  1157 | D:4      | Noticed a lemure
  1165 | D:4      | Killed Pikel
  1165 | D:4      | Reached skill level 5 in Unarmed Combat
  1165 | D:4      | Reached XP level 6. HP: 54/59 MP: 2/6
  1165 | D:4      | Reached XP level 7. HP: 60/66 MP: 2/7
  1272 | D:4      | Found a hide-covered altar of Uskayaw.
  1379 | D:4      | Found Viec's Antique Weapon Emporium.
  1726 | D:4      | Reached skill level 6 in Unarmed Combat
  1820 | D:4      | Noticed Dowan
  1820 | D:4      | Noticed Duvessa
  1824 | D:4      | Reached XP level 8. HP: 75/75 MP: 4/8
  1827 | D:4      | Killed Duvessa
  1830 | D:4      | Killed Dowan
  1875 | D:4      | Found Olytruel's Book Shoppe.
  1984 | D:5      | Entered Level 5 of the Dungeon
  2169 | D:5      | Got a faintly glowing iron ring
  2170 | D:5      | Identified the ring "Voogayng" {*Contam rElec rF+ Dex+2}
                  | (You found it on level 5 of the Dungeon)
  2526 | D:6      | Found a snail-covered altar of Cheibriados.
  2541 | D:6      | Became a worshipper of Cheibriados the Contemplative
  2670 | D:6      | Found a staircase to the Ecumenical Temple.
  2685 | Temple   | Entered the Ecumenical Temple
  2734 | D:6      | Got a glimmering mace
  2735 | D:6      | Identified the +5 mace "Newtslayer" {venom, rC- MR++ SInv}
                  | (You found it on level 6 of the Dungeon)
  3264 | D:6      | Found a hazy altar of Hepliaklqana.
  3293 | D:7      | Reached * piety under Cheibriados
  3348 | D:7      | Reached skill level 7 in Unarmed Combat
  3348 | D:7      | Reached skill level 5 in Transmutations
  3364 | D:7      | Identified the +0 triple sword of Distant Worlds {freeze,
                  | Str+6 Dex+4}
  3364 | D:7      | Noticed a yaktaur
  3367 | D:7      | Noticed a seven-headed hydra
  3369 | D:7      | Killed a yaktaur
  3369 | D:7      | Reached XP level 9. HP: 16/84 MP: 9/9
  3372 | D:7      | Slain by a seven-headed hydra

Illustrated notes

Levels and vault maps discovered:
D:1:      lemuel_arrival_funnel, layout_basic
D:2:      layout_basic, grunt_temple_overflow_open,
          minmay_fractal_squares_gapless_5, uniq_sigmund
D:3:      layout_basic, ebering_ghost_reflecting_pool, trog_wizard
D:4:      layout_loops_corners, eat_drink_and_be_merry_uskayaw,
          nemelex_xobeh_ov_fountains_minmay, serial_shops,
          nicolae_shop_statue_plus, nicolae_shop_statue_plus,
          nicolae_shop_statue_plus, uniq_pikel, uniq_eustachio, uniq_duvessa
D:5:      layout_rooms, dk_noncrumbling_4
D:6:      layout_basic, lemuel_coloured_pillars_altar, kennysheep_slug_shrine,
          minmay_temple_entry_water_ring
D:7:      minmay_the_grid_plus_closed [minmay_the_grid_square_x,
          minmay_the_grid_paths, minmay_the_grid_fan, minmay_the_grid_rooms,
          minmay_the_grid_prize_diamond_cup], layout_loops_ring, serial_shops,
          nicolae_shop_stone, shop_statue, kennysheep_mini,
          kennysheep_mini_moat, nicolae_shop_stone, serial_undead,
          serial_undead_b, serial_undead_f, serial_undead_d, serial_undead_b,
          enter_ossuary_3, water_maze_lemuel
Temple:   minmay_temple_curvy_branch

Skill      XL: |  1  2  3  4  5  6  7  8 |
---------------+-------------------------+-----
Fighting       | 1 2 3 |  3.9
Transmutations | 2 3 4 5 |  5.3
Dodging        | 2 3 4 |  4.2
Unarmed Combat | 4 5 6 7 |  7.4
Spellcasting   | |  1.2

Action                   |  1- 3 |  4- 6 |  7- 9 || total
-------------------------+-------+-------+-------++-------
Melee: Unarmed           |    90 |    44 |   112 ||   246
       Punch             |     1 |       |     3 ||     4
       Headbutt          |     3 |     6 |    13 ||    22
       Kick              |     2 |     5 |    20 ||    27
 Cast: Beastly Appendage |     2 |     3 |    13 ||    18
       Wereblood         |       |     3 |     9 ||    12
 Stab: Sleeping          |       |       |     2 ||     2
Armor: Robe              |    27 |    20 |    33 ||    80
Dodge: Dodged            |    44 |    35 |    52 ||   131

Table legend: (Time is in decaauts)
 A = Elapsed time spent in this place.
 B = Non-inter-level travel time spent in this place.
 C = Inter-level travel time spent in this place.
 D = Time resting spent in this place.
 E = Time spent auto-exploring this place.
 F = Levels seen in this place.
 G = Mean time per level.
                   A        B        C        D        E       F      G
               +--------+--------+--------+--------+--------+-----+--------+
         Total |   3545 |   3405 |    140 |      0 |   2789 |   8 |  443.1 |
       Dungeon |   3544 |   3404 |    140 |      0 |   2789 |   7 |  506.3 |
        Temple |      1 |      1 |      0 |      0 |      0 |   1 |    1.0 |
               +--------+--------+--------+--------+--------+-----+--------+

Top non-repeatable levels by time:
     D:4: 966 daAuts
     D:6: 949 daAuts
     D:3: 584 daAuts
     D:5: 529 daAuts
     D:2: 303 daAuts
     D:1: 116 daAuts
     D:7: 94 daAuts
  Temple: 1 daAuts
